AoeStats
← dincenzo

Fortress

510877753Analyzed
1v1 RM · 13h ago on Oct 2, 2026· 30m 38s· 2 players
Game mode
Random Map
Map size
Small (3 player)
Population
200
Speed
Normal
Resources
Standard
Victory
Conquest
Starting age
Dark Age
Ending age
Imperial Age
RankedLock teamsTeams togetherTeam positionsShared explorationLock speedFull tech treeHidden civsTurbo modeCheats
Victory
Defeat
🇹🇷 Turks · Türkiye
1262
+16
🇨🇴 Bohemians · Colombia
1259
-16
!PelayPilito
6:34 Feudal Age
8:17 Loom
10:54 Castle Age
9:43 Double-Bit Axe
9:43 Horse Collar
13:38 Wheelbarrow
16:48 Bow Saw
16:20 Pikeman
17:13 Fervor
17:23 Sanctity
18:05 Redemption
19:04 Heavy Plow
31:48 Imperial Age
29:45 Town Watch
30:16 Hand Cart
dincenzo
6:23 Loom
8:09 Feudal Age
12:35 Castle Age
10:17 Horse Collar
10:23 Double-Bit Axe
14:45 Heavy Plow
14:57 Bow Saw
17:50 Wheelbarrow
18:21 Town Watch
19:39 Hand Cart
19:20 Gold Mining
19:22 Stone Mining
25:23 Imperial Age
27:46 Forging
27:42 Scale Barding Armor
27:50 Bloodlines
27:40 Husbandry
28:03 Scale Barding Armor
29:15 Conscription
Connection lost

Rejoining the realm…

Still unreachable

The connection could not be restored.

Session expired

The server has moved on; the page needs a fresh start.